 Dungeon Crawl Stone Soup version 0.29.0-5-ge4962eb29e (webtiles) character file.

Game seed: 1951742905542473305

14 sanka the Sneak (level 2, -7/26 HPs)
             Began as a Meteoran Delver on Aug 28, 2022.
             Mangled by Grinder (9 damage)
             ... on level 4 of the Dungeon.
             The game lasted 00:02:14 (445 turns).

sanka the Sneak (Meteoran Delver)                    Turns: 445, Time: 00:02:15

Health: -7/26      AC:  3    Str: 13    XL:     2   Next: 82%
Magic:  3/3        EV: 12    Int: 11    God:
Gold:   10         SH:  0    Dex: 15    Spells: 1/1 levels left

rFire   . . .      SeeInvis .     - Unarmed
rCold   . . .      Faith    .   (no shield)
rNeg    . . .      Spirit   .   a - +0 leather armour
rPois   .          Reflect  .   (no helmet)
rElec   .          Harm     .   (no cloak)
rCorr   .          Rampage  .   (no gloves)
Will    .....                   (no boots)
Stlth   +.........              (no amulet)
HPRegen 0.08/turn               (no ring)
MPRegen 0.08/turn               (no ring)

@: glowing
A: sense surroundings 1, otherworldly, glowing, explore regen
a: no special abilities


You were on level 4 of the Dungeon.
You visited 1 branch of the dungeon, and saw 2 of its levels.
You also visited: Ossuary.

You collected 32 gold pieces.
You spent 22 gold pieces at shops.


Innate Abilities, Weirdness & Mutations

You passively map a small area around you.
You are easily found by Zot.
You glow in the dark.
You regain HP and MP as you explore.


   Skills:
 - Level 3.2 Fighting
 - Level 2.4 Dodging
 - Level 3.7 Stealth
 + Level 3.7 Unarmed Combat


You had one spell level left.
You didn't know any spells.
Your spell library was empty.

Inventory:

Armour
 a - a +0 leather armour (worn)
 d - a +0 pair of gloves
Wands
 f - a wand of digging (3)
Scrolls
 b - a scroll of fog
 c - a scroll of magic mapping
 g - 2 scrolls of identify {@r1}

Dungeon Overview and Level Annotations

Branches:
Dungeon (5/15) Zot: 1007  Ossuary (visited)
 Temple: D:4-7

Altars:

Shops:
D:4 *=

Annotations:
D:4 Grinder

▒......▒, ░
▒⌠.⌠▒▒....▒▒... .......+
▒....▒......... ..>....▒ ,
▒......▒▒▒ .... .......▒
,▒.....▒▒(▒....., ,
.......▒ ,,
▒.....▒.▒▒..... , .......▒
, , ▒......▒▒.....
.......▒, ▒).▒▒S.†..▒
....▒+▒▒▒▒▒▒▒▒.▒▒5▒...▒▒ ,
..▒'▒.▒........▒p▒▒....▒,,
, ..'∩'.'........▒▒▒.....▒
~ ..▒+▒.▒▒..▒▒.......▒..▒▒
, ..,...▒▒..▒▒..▒▒..▒▒▒▒▒░
...▒..▒....▒^......▒ ,, ,
.. ▒..+....▒.......▒ ,░, ,
., ▒..▒....▒.......+ , ,
▒..▒....▒.......▒ , ░ , ,
▒▒▒▒▒..▒▒▒.▒▒.▒▒▒ ,


You could see Grinder and a ball python.


Message History

You hit Grinder. Your punch misses Grinder.
Grinder is lightly wounded.
Grinder hits you.
* * * LOW HITPOINT WARNING * * *
You writhe in agony.
* * * LOW HITPOINT WARNING * * *
You hit Grinder.
Grinder is moderately wounded.
Unknown command.
You hit Grinder but do no damage.
Grinder is moderately wounded.
Grinder closely misses you.
Unknown command.
You barely miss Grinder.
Grinder is moderately wounded.
Grinder closely misses you.
Unknown command.
You hit Grinder.
Grinder is moderately wounded.
Grinder closely misses you.
You barely miss Grinder.
Grinder is moderately wounded.
Grinder gestures at you. Pain shoots through your body!
* * * LOW HITPOINT WARNING * * *
You hit Grinder.
Grinder is moderately wounded.
Grinder hits you!
You die...

Action                   || total
-------------------------++-------
Melee: Unarmed           ||    81
       Punch             ||     2
  Use: Scroll            ||     1
       Potion            ||     1
Armor: Leather armour    ||    26
Dodge: Dodged            ||    39

Levels and vault maps discovered:
D:4:      layout_gridville, mainiacjoe_overflow_concentric_impassable,
          minmay_temple_entry_sparse_star, serial_shops,
          nicolae_shop_hallway_plus, nicolae_shop_crystal,
          nicolae_shop_behind_doors, shop_fountains,
          nicolae_shop_advertising_works [nicolae_subvault_shop_adworks],
          nicolae_ossuary_entry_false_entrances, gammafunk_ghost_nasty_kobolds,
          chequers_jeans, minmay_bisected, uniq_grinder
D:5:      layout_loops_ring

Notes
Turn   | Place    | Note
-------+----------+-------------------------------------------
     0 | D:5      | sanka the Meteoran Delver began the quest for the Orb.
     0 | D:5      | Reached XP level 1. HP: 19/19 MP: 2/2
    41 | D:4      | Found a sand-covered staircase.
    46 | Ossuary  | Entered an ossuary
    91 | Ossuary  | Reached skill level 3 in Unarmed Combat
    91 | Ossuary  | Reached XP level 2. HP: 20/26 MP: 3/3
   275 | Ossuary  | HP: 2/26 [kobold zombie (1)]
   383 | D:4      | Found Gepsaxin's General Store.
   391 | D:4      | Bought a scroll of identify for 22 gold pieces
   392 | D:4      | Noticed Grinder
   421 | D:4      | Found Ekhloag's Jewellery Emporium.
   444 | D:4      | HP: 2/26 [Grinder/nerve-wracking pain (5)]
   445 | D:4      | Mangled by Grinder

Vanquished Creatures
  An adder zombie (Ossuary)
  A dart slug (D:5)
  2 hobgoblins (D:4)
  A quokka (D:4)
  2 goblin zombies (Ossuary)
  2 kobold zombies (Ossuary)
  2 quokka zombies (Ossuary)
11 creatures vanquished.
